 Dungeon Crawl Stone Soup version 0.28-a0-1167-g616b1c6417 (webtiles) character file.

Game seed: 1375288050417256829

1887 LadyOphelia the Cleaver (level 8, 0/71 HPs)
             Began as a Red Draconian Berserker on Dec 16, 2021.
             Was a Priest of Trog.
             Succumbed to a gnoll sergeant's poison
             ... on level 6 of the Dungeon.
             The game lasted 00:12:43 (5958 turns).

LadyOphelia the Cleaver (Red Draconian Berserker)   Turns: 5958, Time: 00:12:43

Health: 0/71       AC: 12    Str: 22    XL:     8   Next: 92%
Magic:  8/8        EV: 13    Int:  7    God:    Trog [***...]
Gold:   237        SH:  0    Dex: 11    Spells: 7/7 levels left

rFire   + . .      SeeInvis .   a - +0 hand axe
rCold   . . .      Faith    .   (no shield)
rNeg    . . .      Spirit   .   (armour unavailable)
rPois   .          Reflect  .   (helmet restricted)
rElec   .          Harm     .   f - +1 cloak
rCorr   .          Rampage  .   (no gloves)
Will    .....                   (no boots)
Stlth   ++........              (no amulet)
HPRegen 0.21/turn               l - +4 ring of slaying
MPRegen 0.11/turn               m - +4 ring of protection

@: lethally poisoned (0 -> -15)
A: breathe fire, AC +6, unfitting armour, fire resistance 1, cold-blooded
a: Breathe Fire, Renounce Religion, Berserk, Trog's Hand


You were on level 6 of the Dungeon.
You worshipped Trog.
Trog was most pleased with you.
You visited 1 branch of the dungeon, and saw 6 of its levels.

You collected 237 gold pieces.

Inventory:

Hand Weapons
 a - a +0 hand axe (weapon)
Missiles
 n - 2 throwing nets (quivered)
Armour
 f - a +1 cloak (worn)
Jewellery
 l - a +4 ring of slaying (left hand)
 m - a +4 ring of protection (right hand)
Wands
 s - a wand of paralysis (15)
Scrolls
 c - a scroll of magic mapping {unknown}
 j - 2 scrolls of enchant weapon {unknown}
 k - a scroll of blinking {unknown}
 q - a scroll of noise {unknown}
 r - 3 scrolls of identify
Potions
 b - 2 potions of haste
 d - a potion of curing
 e - 3 potions of invisibility
 g - a potion of flight {unknown}
 h - a potion of magic {unknown}
 i - a potion of brilliance {unknown}
 o - a potion of ambrosia {unknown}
 p - a potion of attraction {unknown}


   Skills:
 + Level 6.6 Fighting
 + Level 8.7 Axes
 + Level 5.8 Dodging
 + Level 2.4 Stealth


You had 7 spell levels left.
You didn't know any spells.
Your spell library was empty.

Dungeon Overview and Level Annotations

Branches:
Dungeon (6/15)             Temple (0/1) D:4

Altars:

Shops:
D:5 [


Innate Abilities, Weirdness & Mutations

You can breathe blasts of fire.
Your fiery red scales are hard. (AC +6)
You cannot fit into any form of body armour.
Your flesh is heat resistant. (rF+)
You are cold-blooded and may be slowed by cold attacks.


Message History

The gnoll sergeant hits you but does no damage.
You are lethally poisoned!
You hit the gnoll.
You kill the gnoll!
Trog accepts your kill.
You barely miss the gnoll sergeant.
* * * LOW HITPOINT WARNING * * *
You feel very sick.
* * * LOW HITPOINT WARNING * * *
You feel very sick.
The gnoll sergeant hits you from afar with a +3 spear of venom.
* * * LOW HITPOINT WARNING * * *
You are more poisoned.
You see here a +0 halberd.
You feel better. The gnoll sergeant barely misses you.
You feel better. The gnoll sergeant closely misses you.
The gnoll sergeant barely misses you.
You barely miss the gnoll sergeant.
The gnoll sergeant is moderately wounded.
The gnoll sergeant closely misses you.
You hit the gnoll sergeant.
The gnoll sergeant is moderately wounded.
The gnoll sergeant closely misses you.
You hit the gnoll sergeant.
The gnoll sergeant is heavily wounded.
The gnoll sergeant hits you with a +3 spear of venom!
* * * LOW HITPOINT WARNING * * *
You are lethally poisoned!
You hit the gnoll sergeant.
The gnoll sergeant is heavily wounded.
* * * LOW HITPOINT WARNING * * *
You feel very sick. The gnoll sergeant barely misses you.
You slash the gnoll sergeant!
The gnoll sergeant is almost dead.
* * * LOW HITPOINT WARNING * * *
You feel very sick.
You hit the gnoll sergeant but do no damage.
The gnoll sergeant is almost dead.
You die...

#.#### #.# #....# #.#
#.......... ####.# #.#
.......... #.# #..
.......... #.#
##########......... #.#
#.......##......... #.#
#.......# .........
#.#####.g.....###........
#...)))..@)....))†#
#######.......#####
#.......# #.......#
#########


You could see a gnoll sergeant.

Vanquished Creatures
  The ghost of fritzmikael the Ducker, an amateur OpFi (D:4)
  Sigmund (D:5)
  Menkaure (D:4)
  A water moccasin (D:5)
  An orc warrior (D:4)
  3 ogres (D:5)
  A bullfrog (D:6)
  3 scorpions
  3 hounds
  A bullfrog skeleton (D:5)
  3 orc priests
  Natasha (thrice) (D:2)
  2 iguanas
  3 orc wizards
  8 adders
  11 gnolls
  An adder skeleton (D:4)
  A worm (D:2)
  2 dart slugs (D:1)
  13 orcs
  4 ball pythons
  7 bats
  5 endoplasms
  5 giant cockroaches
  10 goblins
  8 hobgoblins
  6 jackals
  2 kobolds
  5 quokkas
  4 rats
  A spectral kobold (D:3)
120 creatures vanquished.

Vanquished Creatures (others)
  An orc wizard (D:4)
1 creature vanquished.

Grand Total: 121 creatures vanquished

Notes
Turn   | Place    | Note
-------+----------+-------------------------------------------
     0 | D:1      | LadyOphelia the Draconian Berserker began the quest for the
                  | Orb.
     0 | D:1      | Reached XP level 1. HP: 19/19 MP: 1/1
   113 | D:1      | Reached XP level 2. HP: 9/26 MP: 2/2
  1227 | D:2      | Noticed Natasha
  1235 | D:2      | Killed Natasha
  1236 | D:2      | Reached XP level 3. HP: 18/33 MP: 3/3
  1342 | D:2      | Noticed Natasha
  1405 | D:2      | Killed Natasha
  1406 | D:2      | Reached XP level 4. HP: 36/40 MP: 4/4
  1576 | D:2      | Noticed Natasha
  1588 | D:2      | Killed Natasha
  1589 | D:2      | Reached skill level 4 in Axes
  1684 | D:2      | Reached ** piety under Trog
  1716 | D:2      | Noticed a scorpion
  1719 | D:2      | Killed a scorpion
  1720 | D:2      | Reached XP level 5. HP: 47/47 MP: 5/5
  2925 | D:3      | Found a faded altar of an unknown god.
  2970 | D:3      | Reached XP level 6. HP: 55/55 MP: 6/6
  3667 | D:4      | Noticed an orc warrior
  3688 | D:4      | Killed an orc warrior
  3689 | D:4      | Reached skill level 5 in Fighting
  3689 | D:4      | Reached skill level 5 in Axes
  3689 | D:4      | Reached skill level 1 in Stealth
  3824 | D:4      | Found a transporter.
  3826 | D:4      | Noticed Menkaure
  3845 | D:4      | Killed Menkaure
  3846 | D:4      | Your scales start taking on a fiery red colour.
  3846 | D:4      | Reached XP level 7. HP: 39/61 MP: 7/7
  3846 | D:4      | Gained mutation: Your flesh is heat resistant. (rF+) [Red
                  | Draconian growth]
  3939 | D:4      | Noticed fritzmikael's ghost (amateur OpFi)
  3978 | D:4      | Found a staircase to the Ecumenical Temple.
  4043 | D:4      | Found a transporter.
  4107 | D:4      | Killed fritzmikael's ghost
  4108 | D:4      | Reached skill level 6 in Axes
  4372 | D:5      | Entered Level 5 of the Dungeon
  4381 | D:5      | Reached *** piety under Trog
  4400 | D:5      | Reached skill level 5 in Dodging
  4537 | D:5      | Reached skill level 7 in Axes
  4537 | D:5      | Reached XP level 8. HP: 28/70 MP: 8/8
  5070 | D:5      | Noticed Sigmund
  5084 | D:5      | Killed Sigmund
  5165 | D:5      | Found Daniel's Dragon-Slaying Spoils.
  5450 | D:5      | Reached skill level 8 in Axes
  5949 | D:6      | HP: 3/71 [poisoned by a gnoll sergeant]
  5957 | D:6      | HP: 3/71 [poisoned by a gnoll sergeant]
  5958 | D:6      | Succumbed to a gnoll sergeant's poison

Illustrated notes

Levels and vault maps discovered:
D:1:      erik_arrival_cave_to_civilisation [erik_arrival_cave_to_hall],
          layout_basic, st_stairs_4, minmay_pentomino_o2
D:2:      layout_basic, hangedman_decor_riveting, uniq_natasha
D:3:      layout_basic, dreamdust_ecumenical_altar_drowned_temple
D:4:      layout_basic, temple_green, gammafunk_ghost_arena, uniq_menkaure
D:5:      layout_loops_ring, nicolae_shop_dragon_depot,
          chequers_serial_rivers_micro_e, uniq_sigmund
D:6:      layout_basic, serial_shops, shop, uniq_blork_the_orc,
          uniq_crazy_yiuf_cottage, uniq_pikel, uniq_maggie, uniq_grinder

Skill      XL: |  1  2  3  4  5  6  7  8 |
---------------+-------------------------+-----
Dodging        | 3 4 5 |  5.8
Fighting       | 4 5 6 |  6.6
Axes           | 4 5 7 8 |  8.7
Stealth        | 1 2 |  2.4

Action                   |  1- 3 |  4- 6 |  7- 9 || total
-------------------------+-------+-------+-------++-------
Melee: Hand axe          |    53 |   186 |   177 ||   416
       Tailslap          |     4 |    23 |    24 ||    51
Invok: Trog's Hand       |       |     1 |     1 ||     2
       Berserk           |       |       |     1 ||     1
  Use: Scroll            |       |     5 |       ||     5
       Potion            |       |       |     3 ||     3
 Stab: Sleeping          |       |       |     1 ||     1
Armor: Skin              |    27 |    83 |    60 ||   170
Dodge: Dodged            |    51 |   113 |   105 ||   269

Table legend: (Time is in decaauts)
 A = Elapsed time spent in this place.
 B = Non-inter-level travel time spent in this place.
 C = Inter-level travel time spent in this place.
 D = Time resting spent in this place.
 E = Time spent auto-exploring this place.
 F = Levels seen in this place.
 G = Mean time per level.
                   A        B        C        D        E       F      G
               +--------+--------+--------+--------+--------+-----+--------+
         Total |   5991 |   5892 |     99 |    746 |   4013 |   6 |  998.5 |
       Dungeon |   5991 |   5892 |     99 |    746 |   4013 |   6 |  998.5 |
               +--------+--------+--------+--------+--------+-----+--------+

Top non-repeatable levels by time:
     D:5: 1285 daAuts
     D:2: 1258 daAuts
     D:1: 1231 daAuts
     D:3: 1147 daAuts
     D:4: 778 daAuts
     D:6: 289 daAuts
